 Dungeon Crawl Stone Soup version 0.28.0-53-g5a82cb258f (webtiles) character file.

Game seed: 16639040497085310537

23 purpskrrrp the Chopper (level 2, -2/19 HPs)
             Began as a Demonspawn Wanderer on June 23, 2022.
             Slain by a goblin
             ... wielding a +0 club
              (4 damage)
             ... on level 2 of the Dungeon.
             The game lasted 00:02:38 (1262 turns).

purpskrrrp the Chopper (Demonspawn Wanderer)        Turns: 1262, Time: 00:02:40

Health: -2/19      AC:  5    Str: 16    XL:     2   Next: 75%
Magic:  0/3        EV: 10    Int: 11    God:
Gold:   70         SH:  0    Dex: 10    Spells: 2/3 levels left

rFire   . . .      SeeInvis .   a - +2 hand axe
rCold   . . .      Faith    .   (no shield)
rNeg    . . .      Spirit   .   b - +0 ring mail
rPois   .          Reflect  .   (helmet currently unavailable)
rElec   .          Harm     .   (no cloak)
rCorr   .          Rampage  .   (no gloves)
Will    .....                   (boots currently unavailable)
Stlth   ..........              (no amulet)
HPRegen 0.06/turn               (no ring)
MPRegen 0.08/turn               (no ring)

@: appendages (expiring), very slightly contaminated, slowed, very slow
A: horns 2, talons 2, powered by pain 1
a: End Transformation


You were on level 2 of the Dungeon.
You had temporarily grown beastly horns and talons.
You visited 1 branch of the dungeon, and saw 2 of its levels.

You collected 70 gold pieces.

Inventory:

Hand Weapons
 a - a +2 hand axe (weapon)
 c - a +0 spear
Armour
 b - a +0 ring mail (worn)
Scrolls
 e - a scroll of magic mapping {unknown}
 f - a scroll of identify {unknown}
Potions
 d - 2 potions of curing {unknown}


   Skills:
 + Level 5.1 Axes
 + Level 1.0 Armour
 + Level 1.1 Dodging
 + Level 1.2 Spellcasting
 + Level 1.0 Transmutations
 + Level 1.2 Invocations


You had 2 spell levels left.
You knew the following spells:

 Your Spells              Type           Power      Damage    Failure   Level
a - Beastly Appendage     Tmut           4%         N/A       38%         1

Your spell library contained the following spells:

 Spells                   Type           Power      Damage    Failure   Level
 Sting                    Tmut/Pois      4%         1d3       45%         1
 Magic Dart               Conj           0%         1d3       52%         1
 Call Imp                 Summ           0%         N/A       67%         2
 Poisonous Vapours        Pois/Air       0%         N/A       67%         2
 Spider Form              Tmut/Pois      1%         N/A       83%         3
 Mephitic Cloud           Conj/Pois/Air  0%         N/A       88%         3
 Olgreb's Toxic Radiance  Pois           0%         N/A       99%         4


Dungeon Overview and Level Annotations

Branches:
Dungeon (2/15)

Altars:

Shops:
D:1 (

Annotations:
D:2 Natasha


Innate Abilities, Weirdness & Mutations

You have temporarily grown beastly horns and talons.
You sometimes gain a little power by taking damage.


Message History

The goblin is moderately wounded.
Natasha stares at you and mumbles some strange words.
You feel yourself slow down. The goblin misses you.
You barely miss the goblin.
The goblin is moderately wounded.
The goblin hits you but does no damage. Natasha closely misses you.
Sorry, you're not good enough to have a special ability.
Casting: Beastly Appendage (safe; 38% risk of failure)
Confirm with . or Enter, or press ? or * to list all spells.
You miscast Beastly Appendage.
You are very lightly contaminated with residual magic.
Nothing appears to happen.
The goblin completely misses you. Natasha claws you.
The goblin hits you with a +0 club. The shadow imp gestures at you.
Pain shoots through your body!
Casting: Beastly Appendage (safe; 38% risk of failure)
Confirm with . or Enter, or press ? or * to list all spells.
You miscast Beastly Appendage.
Nothing appears to happen.
Natasha claws you but does no damage. The goblin completely misses you.
The shadow imp hits you.
Natasha howls an incantation.
You feel disoriented. Natasha claws you but does no damage.
Casting: Beastly Appendage (safe; 38% risk of failure)
Confirm with . or Enter, or press ? or * to list all spells.
You grow a pair of large bovine horns.
Your feet morph into talons.
Your transformation is almost over.
The goblin hits you but does no damage. The shadow imp misses you.
Natasha claws you!
* * * LOW HITPOINT WARNING * * *
The goblin hits you but does no damage.
The shadow imp hits you but does no damage.
You closely miss the goblin.
The goblin is moderately wounded.
You hit Natasha.
You hit the shadow imp but do no damage.
The bat hits you.
* * * LOW HITPOINT WARNING * * *
Natasha claws you but does no damage. The goblin hits you with a +0 club.
You die...

.. .# ## . ..# .. . ..#
.#. ... . # ..##.##..
..## #.......# .# #...#
#hg...# .# #..###@5...#
.. ## #...#.....## .#
...######...b...... ..
#....#...##..#.##. .#
#....####.....
.##########.....# #...##
............###.........
...########## ####...##
..## ..#


You could see Natasha, a shadow imp (summoned), a goblin and a bat.

Vanquished Creatures
  2 endoplasms (D:1)
  4 giant cockroaches (D:1)
  2 goblins (D:1)
  3 hobgoblins (D:1)
  4 jackals (D:1)
  2 frilled lizards (D:1)
  A kobold (D:1)
  A rat (D:1)
19 creatures vanquished.

Notes
Turn   | Place    | Note
-------+----------+-------------------------------------------
     0 | D:1      | purpskrrrp the Demonspawn Wanderer began the quest for the
                  | Orb.
     0 | D:1      | purpskrrrp set off with the following items: a +2 hand axe,
                  | a +0 ring mail; and the following spell memorised: Beastly
                  | Appendage; and the following spells available to memorise:
                  | Spider Form
     0 | D:1      | Reached XP level 1. HP: 13/13 MP: 2/2
   726 | D:1      | Gained mutation: You sometimes gain a little power by
                  | taking damage. [demonic ancestry]
   726 | D:1      | Reached XP level 2. HP: 13/19 MP: 3/3
   735 | D:1      | Reached skill level 5 in Axes
  1039 | D:1      | Found Aclainn's Antique Weapon Shoppe.
  1253 | D:2      | Noticed Natasha
  1262 | D:2      | Slain by a goblin

Illustrated notes

Levels and vault maps discovered:
D:1:      mainiacjoe_arrival_reflecting_pool, layout_basic, serial_shops,
          nicolae_shop_trees
D:2:      layout_rooms, basic_altar, moated_statue, uniq_natasha, uniq_jessica

Skill      XL: |  1  2 |
---------------+-------+-----
Axes           | 5 |  5.1
Armour         | |  1.0
Dodging        | |  1.1
Spellcasting   | |  1.2
Transmutations | |  1.0
Invocations    | |  1.2

Action                   || total
-------------------------++-------
Melee: Hand axe          ||    38
       Kick              ||     2
 Cast: Beastly Appendage ||     3
Armor: Ring mail         ||    29
Dodge: Dodged            ||    41
